 Dungeon Crawl Stone Soup version 0.21.1-1-g345015f (webtiles) character file.

31 thiccnicc the Sneak (level 3, -1/28 HPs)
             Began as a Naga Enchanter on Mar 26, 2018.
             Slain by an adder (4 damage)
             ... on level 2 of the Dungeon.
             The game lasted 00:08:51 (2388 turns).

thiccnicc the Sneak (Naga Enchanter)                Turns: 2388, Time: 00:08:52

Health: -1/28      AC:  2    Str: 10    XL:     3   Next: 22%
Magic:  6/6        EV: 10    Int: 15    God:
Gold:   63         SH:  0    Dex: 12    Spells: 5/6 levels left

rFire    . . .     SeeInvis +   h - +3 dagger
rCold    . . .     Gourm    .   (no shield)
rNeg     . . .     Faith    .   b - +0 robe
rPois    +         Spirit   .   (no helmet)
rElec    .         Reflect  .   (no cloak)
rCorr    .         Harm     .   (no gloves)
MR       .....                  (no barding)
Stlth    +++.......             (no amulet)
HPRegen  0.09/turn              (no ring)
MPRegen  0.10/turn              (no ring)

@: lethally poisoned (-1 -> -9), very slow
A: large, see invisible, deformed body, poison resistance, slowness 2, slow
metabolism 1, spit poison 1, AC +1
a: Spit Poison


You were on level 2 of the Dungeon.
You were not hungry.

You visited 1 branch of the dungeon, and saw 2 of its levels.

You collected 63 gold pieces.

Inventory:

Hand Weapons
 a - a +1 dagger
 e - a +0 short sword
 h - a +3 dagger (weapon)
Armour
 b - a +0 robe (worn)
Jewellery
 i - an uncursed ring of resist corrosion {unknown}
Scrolls
 f - a scroll of noise {unknown}
 g - a scroll of teleportation {unknown}
 j - a scroll of identify {unknown}
Books
 c - a book of Maledictions

   Spells                             Type                      Level
   a - Corona                         Hexes                        1
   b - Ensorcelled Hibernation        Hexes/Ice                    2
   c - Confuse                        Hexes                        3
   d - Tukima's Dance                 Hexes                        3
   e - Dazzling Spray                 Conjuration/Hexes            3
Comestibles
 d - a ration


   Skills:
 + Level 1.2 Short Blades
 + Level 1.9 Dodging
 + Level 5.0 Stealth
 + Level 2.2 Spellcasting
 + Level 3.4 Hexes


You had 5 spell levels left.
You knew the following spells:

 Your Spells              Type           Power        Failure   Level  Hunger
a - Corona                Hex            ##.....      5%          1    #......


Dungeon Overview and Level Annotations

Branches:
Dungeon (2/15)

Altars:


Innate Abilities, Weirdness & Mutations

You cannot wear boots.
Your serpentine skin is tough. (AC +1)
You have supernaturally acute eyesight. (SInv)
Armour fits poorly on your strangely shaped body.
Your system is resistant to poisons. (rPois)
You cover ground very slowly.
You have a slow metabolism.
You can spit poison.


Message History

You hit the adder.
The adder is moderately wounded.
You feel sick. The adder bites you.
* * * LOW HITPOINT WARNING * * *
You barely miss the adder.
The adder is moderately wounded.
The adder bites you.
* * * LOW HITPOINT WARNING * * *
You are lethally poisoned!
The adder poisons you! The adder closely misses you.
You barely miss the adder.
The adder is moderately wounded.
* * * LOW HITPOINT WARNING * * *
You feel sick. The adder bites you.
* * * LOW HITPOINT WARNING * * *
You hit the adder.
The adder is heavily wounded.
* * * LOW HITPOINT WARNING * * *
You feel sick. The adder bites you.
You die...

............###..#.###.##...
......########...#.. ..
......# ... #...### #..
......# .(.##...##### ..
......# .............# .
......# ###......[...#
####### #..........#
#..........# #.....@....#
#.....S....# #..........#
#......[...# #..........#
#....=....... ##.....##.#...
#.....# .#...


You could see an adder.

Vanquished Creatures
  A dart slug (D:1)
  2 leopard geckos
  4 giant cockroaches (D:1)
  4 hobgoblins
  4 bats
  7 frilled lizards
  2 goblins (D:1)
  2 kobolds (D:1)
  A rat (D:1)
27 creatures vanquished.

Notes
Turn   | Place    | Note
-------+----------+-------------------------------------------
     0 | D:1      | thiccnicc the Naga Enchanter began the quest for the Orb.
     0 | D:1      | Reached XP level 1. HP: 15/15 MP: 3/3
   460 | D:1      | Reached XP level 2. HP: 2/22 MP: 5/5
   461 | D:1      | HP: 1/22 [goblin (1)]
  1459 | D:1      | Reached skill level 5 in Stealth
  2187 | D:2      | Reached XP level 3. HP: 23/28 MP: 6/6
  2388 | D:2      | Slain by an adder

Skill      XL: |  1  2 |
---------------+-------+-----
Stealth        | 5 |  5.0
Short Blades   | |  1.2
Dodging        | |  1.9
Spellcasting   | |  2.2
Hexes          | |  3.4

Action                   || total
-------------------------++-------
Melee: Dagger            ||    69
       Short sword       ||    35
 Stab: Sleeping          ||     5
  Eat: Ration            ||     1
Armor: Robe              ||    18
Dodge: Dodged            ||    66
